cohdb
Replays
Latest Replays
All Replays
Popular Replays
Top Player Replays
Match Explorer
How It Works
Community
CoH3 Stats
Reddit
Sign in to upload your games and track your stats! →
Sign in with Steam
Match 43757962
Unlisted
Match 43757962
Overview
Messages
Build Orders
End
Scout Squad
Construct Weapon Support Center
Selects Heavy Weapons
M1919 Machine Gun Team
M1919 Machine Gun Team
M1919 Machine Gun Team
M1919 Machine Gun Team
Infantry Support Center
M3 Armored Personnel Carrier
Selects M2HB .50cal Heavy Machine Gun
M3 Armored Personnel Carrier
M3 Armored Personnel Carrier
Engineer Squad
Construct Medical Station
Selects Assault Carriers
Bazooka Squad
Survival Training
Improved M9 Bazooka Rockets
Engineer Squad
M1919 Machine Gun Team
Selects Halftrack Strongpoints
Selects Gallant Stand
Gallant Stand
Mortar Pit
M3 Assault Carrier
Halftrack Strongpoints
Gallant Stand
Bazooka Squad
Construct Motor Pool
Bazooka Squad
MähnGiL
Barbarossa
Task Force X
_Nemez_
0
0
Comments
sign in to comment!
No comments posted yet!